 Dungeon Crawl Stone Soup version 0.31-a0-151-ge443d1f16c (webtiles) character file.

Game seed: 12722898202353947005

109 qw the Shooter (level 4, -15/28 HPs)
             Began as a Gargoyle Hunter on June 8, 2023.
             Demolished by an ogre
             ... wielding a +0 giant club
              (18 damage)
             ... on level 3 of the Dungeon.
             The game lasted 00:00:47 (1875 turns).

qw the Shooter (Gargoyle Hunter)                    Turns: 1875, Time: 00:00:48

Health: -15/28     AC:  8    Str: 15    XL:     4   Next: 89%
Magic:  4/4        EV: 11    Int:  9    God:
Gold:   124        SH:  0    Dex: 15    Spells: 3/3 levels left

rFire   . . .        Y - +1 shortbow
rCold   . . .        (shield currently unavailable)
rNeg    + . .        f - +0 ring mail
rPois   inf          (no helmet)
rElec   +            (no cloak)
rCorr   .            (no gloves)
SInv    .            (no boots)
Will    .....        (no amulet)
Stlth   +            (no ring)
HPRegen 0.24/turn    (no ring)
MPRegen 0.09/turn

%: no passive effects
@: no status effects
A: sickness immunity, AC +3, negative energy resistance 1, electricity
resistance, torment resistance 1, petrification resistance
a: no special abilities


You were on level 3 of the Dungeon.
You visited 1 branch of the dungeon, and saw 4 of its levels.

You collected 124 gold pieces.


Innate Abilities, Weirdness & Mutations

You are immune to sickness and miasma.
Your stone body is resilient. (AC +3)
You are immune to poison.
You resist negative energy. (rN+)
You are resistant to electric shocks. (rElec)
You are resistant to unholy torment.
You are immune to petrification.


   Skills:
 - Level 3.0 Fighting
 + Level 5.4 Ranged Weapons
 - Level 1.6 Armour
 - Level 1.5 Dodging
 - Level 1.1 Stealth


You had 3 spell levels left.
You didn't know any spells.
Your spell library was empty.

Inventory:

Hand Weapons
 Y - a +1 shortbow (weapon)
Armour
 f - a +0 ring mail (worn)
Scrolls
 b - a scroll of identify
Potions
 a - a potion of invisibility {unknown}
 d - a potion of mutation {unknown}
 g - a potion of brilliance {unknown}
 h - a potion of resistance

Dungeon Overview and Level Annotations

Branches:
Dungeon (4/15)
 Temple: D:4-7

Altars:


Message History

The ogre shouts!
You shoot an arrow.
The arrow hits the kobold but does no damage.
The kobold is moderately wounded.
The kobold throws a poisoned dart.
The poisoned dart closely misses you.
You shoot an arrow. The arrow closely misses the kobold.
You shoot an arrow. The arrow completely misses the kobold.
You shoot an arrow. The arrow closely misses the kobold.
The kobold hits you with a +0 short sword.
You shoot an arrow. The arrow barely misses the kobold.
The kobold misses you.
You shoot an arrow. The arrow hits the kobold.
You kill the kobold!
You shoot an arrow. The arrow hits the ogre.
The ogre is lightly wounded.
The ogre closely misses you.
You shoot an arrow. The arrow barely misses the ogre.
The ogre barely misses you.
You shoot an arrow. The arrow hits the ogre.
The ogre is moderately wounded.
The ogre barely misses you.
A goblin comes into view. It is wielding a +0 dagger.
You shoot an arrow. The arrow barely misses the ogre.
The goblin shouts!
The ogre hits you with a +0 giant club!!
Ouch! That really hurt!
1871 ||| STAIRDANCE You climb upwards.
There is a stone staircase leading down here.
You shoot an arrow. The arrow hits the ogre!
The ogre is heavily wounded.
The ogre barely misses you.
You shoot an arrow. The arrow hits the ogre.
The ogre is severely wounded.
The ogre barely misses you.
You shoot an arrow. The arrow hits the ogre.
The ogre is severely wounded.
The ogre hits you with a +0 giant club!!
Ouch! That really hurt!
You die...

#...# #.. ##...# #.. .....#####
###############.. .........#
#................ .........##
##.###############
..........######....#####
..........##............#
###.......##.....O...##.#########
..........##<...@................
.##.......##..^.......#.#########
.##.......##..........#.## #
.##.......##.............# #####
.##......................####....
.##......###.....................
.........................####....
####.......................<#....
#..........########...######....


You could see an ogre.

Vanquished Creatures
  An orc wizard (D:3)
  An adder (D:2)
  A worm (D:2)
  9 dart slugs
  2 orcs (D:3)
  5 endoplasms
  6 giant cockroaches (D:2)
  3 hobgoblins
  3 jackals (D:3)
  4 kobolds
  A quokka (D:2)
  8 ball pythons
  2 bats (D:2)
  2 goblins (D:2)
  3 rats
51 creatures vanquished.

Notes
Turn   | Place    | Note
-------+----------+-------------------------------------------
     0 | D:1      | qw the Gargoyle Hunter began the quest for the Orb.
     0 | D:1      | Reached XP level 1. HP: 12/12 MP: 1/1
     0 | D:1      | 0 ||| qw: Version: 0.2-a-120-gdf1a93b
     0 | D:1      | 0 ||| qw: Game counter: 3120
     0 | D:1      | 0 ||| qw: Always use a shield: true
     0 | D:1      | 0 ||| qw: God list: Okawaru
     0 | D:1      | 0 ||| qw: Allow faded altars: false
     0 | D:1      | 0 ||| qw: Do Orc after D:15 true
     0 | D:1      | 0 ||| qw: Do second Lair branch before Depths: true
     0 | D:1      | 0 ||| qw: Lair rune preference: random
     0 | D:1      | 0 ||| qw: Plans: Normal
     0 | D:1      | 0 ||| PLANNING D:1-11
   655 | D:1      | 655 ||| UPGRADING to +0 ring mail.
   665 | D:1      | 665 ||| DROPPING +0 leather armour.
   666 | D:1      | 666 ||| READING 3 scrolls labelled FORIAG YDULAD.
   667 | D:1      | 667 ||| READING scroll labelled LYJOFETWA.
   668 | D:1      | 668 ||| READING scroll labelled PIV ECVAPNURPH.
   669 | D:1      | 669 ||| DRINKING 2 coppery potions.
   670 | D:1      | 670 ||| DROPPING 2 scrolls of fear.
   671 | D:1      | 671 ||| DROPPING scroll of butterflies.
   709 | D:2      | Reached skill level 1 in Armour
   709 | D:2      | Reached XP level 2. HP: 17/17 MP: 2/2
   811 | D:2      | Reached XP level 3. HP: 21/21 MP: 3/3
  1231 | D:3      | Reached skill level 5 in Ranged Weapons
  1263 | D:3      | Reached XP level 4. HP: 27/27 MP: 4/4
  1400 | D:3      | Reached skill level 3 in Fighting
  1411 | D:3      | Found a faded altar of an unknown god.
  1843 | D:3      | 1843 ||| READING scroll labelled ZASICY TEINOQE.
  1859 | D:4      | Noticed an ogre
  1870 | D:4      | HP: 1/28 [ogre/+0 giant club (26)]
  1871 | D:4      | 1871 ||| STAIRDANCE
  1875 | D:3      | Demolished by an ogre

Levels and vault maps discovered:
D:1:      heliophobic_arrival_battle_scene, layout_basic
D:2:      layout_basic
D:3:      kennysheep_slugbush, layout_basic, basic_ecumenical_altar
D:4:      layout_basic, vehumet_crystals,
          chequers_temple_overflow_statue_of_worship, uniq_duvessa

Skill      XL: |  1  2  3  4 |
---------------+-------------+-----
Armour         | 1 |  1.6
Ranged Weapons | 5 |  5.4
Fighting       | 3 |  3.0
Dodging        | |  1.5
Stealth        | |  1.1

Action                     |  1- 3 |  4- 6 || total
---------------------------+-------+-------++-------
   Fire: Shortbow          |    90 |    85 ||   175
    Use: Scroll            |     3 |     1 ||     4
         Potion            |     1 |       ||     1
 Armour: Ring mail         |    10 |    32 ||    42
  Dodge: Dodged            |    14 |    21 ||    35

Table legend:
 A = Non-vault XP
 B = Vault XP
 C = Vault XP percentage of total XP
 D = Non-vault monster count
 E = Vault monster count
 F = Vault count percentage of total count
                 A         B        C        D         E       F
            +---------+---------+-------+---------+---------+-------
      Total |     128 |      28 |  17.9 |      44 |       7 |  13.7
            +---------+---------+-------+---------+---------+-------
        D:1 |       5 |       0 |   0.0 |       3 |       0 |   0.0
        D:2 |      58 |       0 |   0.0 |      24 |       0 |   0.0
        D:3 |      64 |      28 |  30.4 |      16 |       7 |  30.4
        D:4 |       1 |       0 |   0.0 |       1 |       0 |   0.0
            +---------+---------+-------+---------+---------+-------
